 Dungeon Crawl Stone Soup version 0.26.1-2-gb8aa6d0cf2 (webtiles) character file.

Game seed: 9574785227444428501

109 Revguard the Gusty (level 4, -6/25 HPs)
             Began as a Deep Elf Air Elementalist on Mar 21, 2021.
             Killed by nerve-wracking pain
             ... invoked by an orc priest
              (13 damage)
             ... on level 3 of the Dungeon.
             The game lasted 00:07:09 (3028 turns).

Revguard the Gusty (Deep Elf Air Elementalist)      Turns: 3028, Time: 00:07:10

Health: -6/25      AC:  3    Str:  6    XL:     4   Next: 59%
Magic:  1/11       EV: 12    Int: 20    God:
Gold:   157        SH:  0    Dex: 15    Spells: 4/10 levels left

rFire    . . .     SeeInvis .   h - +0 short sword
rCold    . . .     Faith    .   (no shield)
rNeg     . . .     Spirit   .   c - +0 leather armour
rPois    .         Reflect  .   (no helmet)
rElec    .         Harm     .   (no cloak)
rCorr    .         Rampage  .   (no gloves)
Will     .....                  (no boots)
Stlth    ++........             (no amulet)
HPRegen  0.08/turn              (no ring)
MPRegen  0.12/turn              (no ring)

@: very slightly contaminated
A: no striking features
a: no special abilities


You were on level 3 of the Dungeon.
You visited 1 branch of the dungeon, and saw 3 of its levels.

You collected 157 gold pieces.

Inventory:

Hand Weapons
 h - a +0 short sword (weapon)
Armour
 a - a +0 robe
 c - a +0 leather armour (worn)
Jewellery
 b - an uncursed ring of positive energy {unknown}
Scrolls
 f - 2 scrolls of identify {unknown}
 g - 2 scrolls of remove curse {unknown}
 i - 2 scrolls of immolation {unknown}
 j - a scroll of enchant armour {unknown}
 k - 4 scrolls of teleportation {unknown}
Potions
 d - 2 potions of heal wounds {unknown}
 e - a potion of haste {unknown}
 l - a potion of resistance {unknown}
 m - a potion of brilliance {unknown}


   Skills:
 * Level 1.0 Fighting
 + Level 0.2 Short Blades
 * Level 2.0 Armour
 + Level 2.7 Dodging
 + Level 2.6 Stealth
 + Level 3.6 Spellcasting
 + Level 1.5 Conjurations
 + Level 3.6 Air Magic


You had 4 spell levels left.
You knew the following spells:

 Your Spells              Type           Power        Failure   Level
a - Shock                 Conj/Air       52%          7%          1
b - Swiftness             Air            18%          7%          2
c - Static Discharge      Conj/Air       13%          22%         3

Your spell library contained the following spells:

 Spells                   Type           Power        Failure   Level
 Airstrike                Air            9%           41%         4
 Lightning Bolt           Conj/Air       6%           89%         5


Dungeon Overview and Level Annotations

Branches:
Dungeon (3/15)

Altars:
Xom


Message History

The orc priest miscasts a cantrip.
The orc priest looks encouraged for a moment.
Casting: Static Discharge (extremely dangerous; 22% risk of failure)
Confirm with . or Enter, or press ? or * to list all spells.
The spell is extremely dangerous to cast (22% risk of failure)!
Continue anyway?
The orc priest is struck by an arc of lightning.
The orc priest is heavily wounded.
You are struck by an arc of lightning.
* * * LOW HITPOINT WARNING * * *
The lightning grounds out.
The orc priest looks encouraged for a moment.
Aiming: Shock (safe; 7% risk of failure)
Press: ? - help, Q - select action, (/) - cycle Shift-Dir - straight line, f - orc priest
Aim: an orc priest (heavily wounded, 32% to evade)
The zap hits the orc priest.
The orc priest is almost dead.
The orc priest calls down the wrath of Beogh upon you.
Pain shoots through your body!
Ouch! That really hurt!
You die...

...# #.# #.# #### #.#
#.# # #.# #.# #.# #.#
# #.# #.# # #.## #.#
# #..# #.#
#########.#.#######.#
..........#....o@...#
#########.#########.#
### ###


You could see an orc priest.

Vanquished Creatures
  An orc wizard (D:3)
  3 adders (D:2)
  An ooze (D:3)
  2 worms (D:2)
  A dart slug (D:1)
  2 leopard geckos (D:2)
  5 orcs (D:3)
  2 bats
  4 giant cockroaches
  4 goblins
  2 hobgoblins (D:2)
  4 jackals (D:1)
  4 kobolds
  A frilled lizard (D:3)
  2 rats
38 creatures vanquished.

Notes
Turn   | Place    | Note
-------+----------+-------------------------------------------
     0 | D:1      | Revguard the Deep Elf Air Elementalist began the quest for
                  | the Orb.
     0 | D:1      | Reached XP level 1. HP: 10/10 MP: 6/6
   410 | D:1      | Reached XP level 2. HP: 15/15 MP: 0/8
   436 | D:1      | Learned a level 2 spell: Swiftness
   845 | D:2      | Reached skill level 1 in Armour
   938 | D:2      | Reached XP level 3. HP: 13/20 MP: 5/9
  1554 | D:2      | Learned a level 3 spell: Static Discharge
  1774 | D:2      | Found a shimmering altar of Xom.
  2363 | D:3      | Reached XP level 4. HP: 8/24 MP: 1/11
  2730 | D:3      | Reached skill level 1 in Fighting
  3028 | D:3      | Killed from afar by an orc priest

Illustrated notes

Levels and vault maps discovered:
D:1:      lightli_arrival_isolated_outpost, layout_basic
D:2:      layout_rooms, xom_teletrap_fun, hangedman_abyss_or_decor_stabs,
          hex_intersection
D:3:      layout_basic

Skill      XL: |  1  2  3  4 |
---------------+-------------+-----
Armour         | 1 2 |  2.0
Fighting       | 1 |  1.0
Short Blades   | |  0.2
Dodging        | |  2.7
Stealth        | |  2.6
Spellcasting   | |  3.6
Conjurations   | |  1.5
Air Magic      | |  3.6

Action                   |  1- 3 |  4- 6 || total
-------------------------+-------+-------++-------
Melee: Unarmed           |    11 |       ||    11
       Short sword       |    34 |    26 ||    60
 Cast: Shock             |    70 |    10 ||    80
       Static Discharge  |     2 |     3 ||     5
       Swiftness         |       |     1 ||     1
Armor: Leather armour    |    11 |     8 ||    19
Dodge: Dodged            |    52 |    15 ||    67
